Map: Blackpink LE

Players

SiegeEngine

  • Race: Terran Terran
  • League: Diamond
  • Spawn Location: 7:00

Reverie - Winner!

  • Race: Zerg Zerg
  • Spawn Location: 1:00

VOD

Have the link to the VOD?

Description

Time

  • Played on: Nov. 18, 2017, 1:44 p.m.
  • Length: 19:37
Show
View Real Time Build Order
Export as new Build Order

SiegeEngine Terran 

Build Orders: Command Center First (CC), Mech 

Get SALT Encoding   

  12  0:00  SCV  
  13  0:13  SCV  
  14  0:25  SCV  
  15  0:50  Command Center  
  15  0:55  Supply Depot  
  15  1:17  SCV  
  15  1:18  Barracks  
  16  1:26  Refinery  
  16  1:28  Refinery  
  16  1:29  SCV  
  17  1:41  SCV  
  18  1:53  SCV  
  19  2:08  Orbital Command x2  
  19  2:12  Marine  
  20  2:23  Bunker  
  20  2:37  Factory  
  20  2:45  Barracks Reactor  
  20  2:50  SCV x2  
  21  2:57  Supply Depot  
  21  3:02  SCV  
  22  3:06  Factory  
  22  3:09  SCV  
  23  3:14  SCV  
  24  3:21  SCV  
  25  3:29  SCV  
  25  3:31  Barracks Reactor, Hellion  
  25  3:33  Hellion  
  25  3:34  SCV  
  31  3:41  SCV  
  32  3:46  SCV  
  33  3:49  Supply Depot  
  33  3:51  Supply Depot  
  33  3:55  SCV  
  34  3:58  SCV  
  34  4:01  Hellion  
  37  4:03  Hellion  
  37  4:07  SCV  
  37  4:09  Refinery  
  40  4:14  Barracks Tech Lab  
  40  4:15  Cyclone  
  43  4:18  SCV  
  43  4:19  SCV  
  43  4:23  Cyclone  
  48  4:30  SCV  
  50  4:31  SCV  
  50  4:36  Refinery  
  50  4:39  Marine  
  50  4:42  SCV  
  50  4:43  SCV, Cyclone  
  56  4:57  Marine  
  55  5:05  Hellion x3  
  55  5:06  SCV x2  
  57  5:16  Hellion, Marine  
  57  5:18  SCV x2  
  62  5:25  Factory, Supply Depot  
  62  5:30  Supply Depot  
  62  5:33  Supply Depot  
  62  5:45  Factory  
  62  5:47  SCV x2  
  64  5:58  Command Center, Hellion  
  64  5:59  Hellion  
  64  6:00  Hellion  
  64  6:04  Hellion  
  72  6:08  Armory  
  72  6:11  Engineering Bay  
  72  6:16  Factory Tech Lab  
  72  6:21  Hellion  
  72  6:22  Hellion x2  
  78  6:26  SCV x2  
  78  6:28  Hellion  
  80  6:43  Hellion  
  80  6:47  Hellion x2  
  80  6:48  Infernal Pre-Igniter, Hellion x2  
  80  6:49  SCV x2  
  86  6:55  Supply Depot  
  86  6:57  Supply Depot, Terran Vehicle Weapons Level 1  
  86  6:59  Supply Depot  
  86  7:10  Hellion, SCV, Siege Tank x2  
  86  7:15  SCV  
  96  7:22  SCV  
  97  7:36  Missile Turret  
  97  7:37  SCV x2  
  99  7:44  Planetary Fortress  
  99  7:59  SCV x2  
  99  8:02  Hellion x2, Siege Tank x2  
  99  8:05  Supply Depot  
  111  8:07  Supply Depot  
  111  8:11  SCV x2  
  111  8:17  Hellion x2  
  111  8:24  Hellion, SCV  
  108  8:36  Command Center, SCV  
  108  8:39  Sensor Tower  
  109  8:42  Refinery  
  109  8:43  Refinery  
  109  8:45  Missile Turret  
  109  8:48  Missile Turret, SCV  
  110  8:51  Missile Turret  
  110  8:53  Hellion x2  
  114  9:03  Hellion, Siege Tank x2  
  114  9:05  Hellion  
  124  9:20  Command Center  
  124  9:31  Hellion x4  
  130  9:55  SCV  
  130  9:56  Terran Vehicle Weapons Level 2, SCV  
  132  10:01  Armory  
  132  10:02  Armory  
  132  10:08  SCV x2  
  132  10:13  Factory  
  134  10:14  Factory  
  134  10:16  Factory  
  134  10:18  Factory  
  134  10:20  Siege Tank x2, Hellion x4, SCV  
  149  10:28  Supply Depot  
  149  10:30  Supply Depot  
  149  10:35  Supply Depot  
  149  10:52  Siege Tank  
  149  10:57  Hellion, Siege Tank  
  155  10:58  Factory Tech Lab  
  155  11:03  Planetary Fortress  
  157  11:15  Orbital Command  
  157  11:17  Missile Turret  
  157  11:20  Factory Tech Lab x3  
  157  11:24  Siege Tank  
  160  11:29  Siege Tank  
  163  11:34  Sensor Tower, Refinery  
  163  11:35  Refinery  
  163  11:38  SCV x2  
  165  11:45  Terran Vehicle And Ship Armor Level 1  
  165  11:46  Terran Ship Weapons Level 1  
  165  11:47  Thor  
  165  11:50  Thor, SCV  
  178  12:02  Hellion x2  
  178  12:03  Hellion x2  
  178  12:06  Siege Tank x2  
  95  12:52  Command Center  
  95  12:55  Terran Vehicle Weapons Level 3  
  95  12:56  Command Center  
  95  13:08  Orbital Command  
  95  13:10  Command Center  
  95  13:11  Hellion x3  
  95  13:12  Hellion, Siege Tank  
  106  13:18  Siege Tank  
  109  13:21  SCV  
  109  13:24  SCV  
  96  13:39  Hellion x2  
  88  13:56  Siege Tank x2  
  88  13:59  Siege Tank  
  97  14:15  Siege Tank x2  
  103  14:19  Terran Vehicle And Ship Armor Level 2  
  103  14:22  SCV  
  103  14:24  SCV  
  105  14:26  SCV  
  106  14:32  Building Armor  
  106  14:46  SCV x3  
  109  14:54  Planetary Fortress  
  109  14:58  SCV x2  
  111  15:30  SCV  
  111  15:31  SCV  
  111  15:32  SCV x2  
  115  15:43  SCV  
  115  15:44  SCV x3  
  115  15:49  SCV  
  105  15:55  SCV  
  105  15:56  SCV x3  
  109  16:01  SCV, Siege Tank x4  
  109  16:02  Hellion x2, Siege Tank x2  
  109  16:03  Hellion x2  
  136  16:07  SCV  
  136  16:08  SCV  
  138  16:13  SCV  
  139  16:19  SCV  
  139  16:22  SCV x3  
  139  16:25  Refinery, SCV  
  144  16:28  Refinery x2  
  144  16:29  Missile Turret x2  
  144  16:30  Missile Turret  
  144  16:31  Planetary Fortress  
  144  16:33  Siege Tank  
  144  16:34  SCV x3  
  144  16:37  SCV  
  151  16:45  Thor x2  
  163  16:52  Missile Turret  
  163  16:53  Missile Turret, SCV x3  
  166  17:05  SCV x2  
  166  17:07  Missile Turret  
  168  17:08  SCV  
  168  17:09  Missile Turret  
  169  17:17  Sensor Tower, SCV x2  
  169  17:20  SCV  
  172  17:27  Orbital Command  
  172  17:46  Missile Turret  
  172  17:49  Missile Turret  
  172  17:50  Hi-Sec Auto Tracking  
  168  18:25  Thor x5  
  198  18:33  Factory  
  198  18:34  Factory  
  174  19:08  Orbital Command  
Show
View Real Time Build Order
Export as new Build Order

Reverie Zerg - Winner!

Build Orders: Hatch First 

Get SALT Encoding   

  12  0:02  Drone  
  13  0:12  Overlord  
  13  0:17  Drone  
  14  0:31  Drone x2  
  17  0:35  Drone  
  17  0:54  Hatchery  
  17  0:57  Drone  
  17  1:00  Drone  
  18  1:12  Extractor  
  18  1:16  Spawning Pool  
  16  1:19  Drone  
  16  1:21  Drone  
  18  1:28  Drone  
  19  1:40  Overlord  
  19  1:50  Drone  
  20  2:02  Queen  
  20  2:04  Zergling x2  
  20  2:05  Queen  
  20  2:07  Zergling x2  
  26  2:14  Drone  
  27  2:20  Drone  
  28  2:23  Metabolic Boost  
  28  2:31  Drone x2  
  30  2:41  Hatchery  
  30  2:43  Drone  
  30  2:45  Drone  
  30  2:46  Drone  
  32  2:52  Drone  
  32  2:55  Drone  
  34  3:00  Overlord  
  34  3:06  Overlord  
  34  3:09  Queen  
  36  3:18  Drone x2  
  36  3:19  Drone x3  
  41  3:28  Drone x4  
  45  3:40  Drone x2  
  47  3:47  Drone x4  
  47  3:48  Evolution Chamber, Drone  
  52  3:51  Queen  
  52  3:52  Extractor  
  52  3:57  Drone x4  
  56  4:08  Drone x2  
  58  4:10  Overlord  
  58  4:15  Zerg Ground Armor Level 1  
  58  4:23  Overlord  
  58  4:28  Overlord x2  
  58  4:30  Queen  
  60  4:32  Zergling x12  
  66  4:42  Baneling Nest  
  65  4:47  Drone x2  
  65  4:48  Drone x2  
  68  4:57  Drone x5  
  68  4:58  Drone x3  
  68  4:59  Drone  
  71  5:08  Drone x4  
  71  5:09  Drone x2  
  77  5:15  Queen  
  77  5:19  Drone x2  
  77  5:21  Lair  
  81  5:23  Extractor  
  81  5:24  Extractor  
  79  5:38  Overlord x3  
  79  5:40  Hatchery  
  79  5:41  Hatchery  
  79  5:42  Extractor x2  
  75  5:50  Evolution Chamber  
  75  5:53  Drone x2  
  75  5:54  Drone x5  
  81  6:07  Drone x2  
  81  6:08  Drone x4  
  81  6:09  Overlord x2  
  87  6:25  Centrifical Hooks  
  87  6:27  Hydralisk Den  
  87  6:28  Zerg Melee Weapons Level 1  
  87  6:29  Zerg Missile Weapons Level 1  
  87  6:32  Zergling x2  
  87  6:33  Zergling x20  
  92  6:41  Drone  
  92  6:42  Drone  
  91  6:47  Zergling x6  
  91  6:52  Drone x4  
  98  6:59  Drone  
  98  7:00  Drone  
  100  7:03  Muscular Augments  
  100  7:05  Hydralisk  
  100  7:06  Hydralisk x7  
  116  7:23  Hydralisk x9  
  131  7:35  Hydralisk x7  
  127  7:44  Hydralisk x3  
  131  7:53  Spine Crawler  
  131  7:57  Hydralisk x2  
  133  7:59  Overlord x3  
  129  8:17  Hydralisk  
  129  8:18  Hydralisk x7  
  137  8:22  Hydralisk  
  137  8:23  Hydralisk  
  141  8:31  Drone x3  
  141  8:32  Drone x5  
  141  8:33  Overlord x3  
  149  8:47  Zerg Missile Weapons Level 2, Infestation Pit  
  148  8:48  Zerg Melee Weapons Level 2  
  148  8:50  Zergling x8  
  148  8:51  Zergling x2  
  148  8:52  Spine Crawler x3, Zergling x2  
  147  9:32  Hydralisk x13  
  147  9:34  Overlord x2  
  147  9:35  Overlord  
  173  9:40  Hive  
  161  10:03  Drone x5  
  161  10:04  Drone x2  
  161  10:06  Extractor x2, Drone x2  
  161  10:07  Drone x6  
  171  10:08  Overlord x2  
  171  10:10  Pathogen Glands  
  171  10:12  Burrow  
  174  10:32  Spine Crawler x2  
  174  10:34  Spine Crawler x2, Extractor  
  174  10:35  Spine Crawler  
  168  10:39  Overlord x4  
  168  10:54  Infestor x6  
  180  10:59  Infestor  
  182  11:12  Neural Parasite  
  182  11:14  Overlord x2  
  182  11:15  Zergling x2  
  182  11:16  Zergling x32  
  199  11:34  Spine Crawler  
  199  11:35  Spine Crawler  
  199  11:38  Spine Crawler x2  
  199  11:39  Spine Crawler  
  194  11:44  Infestor x2  
  198  12:10  Baneling x14  
  198  12:11  Baneling x16  
  172  12:38  Zergling x20  
  172  12:39  Zergling x38  
  186  12:49  Hydralisk  
  186  12:50  Hydralisk x3  
  192  12:57  Infestor  
  192  12:58  Extractor, Infestor x2  
  195  13:03  Baneling x9  
  195  13:04  Baneling x23  
  195  13:10  Overlord x2  
  195  13:14  Spire  
  181  13:36  Infestor  
  181  13:37  Infestor x2  
  181  14:04  Drone x5, Spire  
  181  14:05  Drone x3  
  188  14:14  Hatchery  
  187  14:19  Hatchery  
  186  14:38  Greater Spire  
  186  14:39  Zerg Melee Weapons Level 3  
  166  15:19  Baneling x13  
  166  15:20  Baneling x6  
  162  15:25  Corruptor x17  
  162  15:26  Corruptor x2  
  184  16:03  Overlord x4  
  180  16:07  Brood Lord x3  
  180  16:08  Brood Lord x4  
  180  16:10  Zerg Flyer Weapons Level 1  
  194  16:24  Brood Lord x2  
  198  16:37  Extractor  
  198  16:39  Extractor  
  196  16:42  Zerg Flyer Armor Level 1  
  196  16:48  Ultralisk Cavern  
  195  16:57  Infestor x2  
  199  17:29  Spine Crawler  
  198  17:31  Spine Crawler  
  198  17:32  Spine Crawler x3  
  194  17:45  Drone x4  
  194  17:46  Drone  
  194  17:50  Chitinous Plating  
  199  17:55  Adrenal Glands  
  191  18:08  Brood Lord x5  
  191  18:09  Brood Lord x2  
  191  18:12  Overseer x3  
  199  18:13  Overseer x2  
  199  18:23  Spine Crawler x3  
  199  18:24  Spine Crawler  
Tags
 
Add a new tag
Caveats
  • Supply blocks, unpowered buildings, or Contaminate may cause inaccurate times.
  • Supply counts are checked every 10 seconds.